Cogmind - Beta 13 @@@ ROGUE MODE // 2024.04.14 @ 17:58:33 Player: sordeles Result: Destroyed by D-53 Grenadier with Mini Grenade Launcher Performance ------------- Evolutions (0) 0 Regions Visited (2) 400 Robots Destroyed (17) 85 Value Destroyed (387) 387 Prototype IDs (0) 0 Alien Tech Used (0) 0 Bonus (110) 110 TOTAL SCORE: 982 Bonus ------- Follower Combat Kills 110 Cogmind --------- Core Integrity 0/250 Matter 232/300 Energy 100/100 System Corruption 0% Temperature Cool (0) Movement Core (50) Location -10/Mines Parts ------- > --- POWER (1) -------- (None) > --- PROPULSION (2) --- (None) > --- UTILITY (2) ------ Core Shielding > --- WEAPON (2) ------- (None) > --- INVENTORY (5) ---- Decoy Drone Bay Autogun Autogun Peak State ------------ > --- POWER ------------ Ion Engine > --- PROPULSION ------- Armored Wheel Armored Wheel > --- UTILITY ---------- Core Shielding Light Armor Plating > --- WEAPON ----------- Autogun Autogun > --- INVENTORY -------- Ion Engine Armored Wheel Core Shielding Grenade Launcher [Rating: 11] Favorites ----------- Power Ion Engine Engine Ion Engine Propulsion Aluminum Leg Leg Aluminum Leg Wheel Wheel Utility Core Shielding Device ECM Suite Storage High-capacity Storage Unit Protection Core Shielding Weapon Autogun Energy Gun EM Pulse Gun Energy Cannon Beam Cannon Ballistic Gun Autogun Launcher Rocket Launcher Build | -11 -10 -10 ------- Run | Yrd Mat Min Slots Evolved . | . . . Power . | . . . Propulsion . | . . . Utility . | . . . Weapon . | . . . Parts Attached 45 | 6 30 9 Power 5 | 1 3 1 Engine 5 | 1 3 1 Core . | . . . Reactor . | . . . Propulsion 18 | 3 11 4 Treads . | . . . Leg 8 | 2 4 2 Wheel 10 | 1 7 2 Hover . | . . . Flight . | . . . Utility 9 | . 8 1 Device 4 | . 3 1 Storage 2 | . 2 . Processor . | . . . Hackware . | . . . Protection 3 | . 3 . Artifact . | . . . Weapon 13 | 2 8 3 Energy Gun 3 | . 3 . Energy Cannon 2 | . 2 . Ballistic Gun 6 | 2 3 1 Ballistic Cannon . | . . . Launcher 2 | . . 2 Special Weapon . | . . . Impact Weapon . | . . . Slashing Weapon . | . . . Piercing Weapon . | . . . Special Melee Weapon . | . . . Unidentified Prototypes . | . . . Parts Lost 9 | . . 9 Power 2 | . . 2 Propulsion 3 | . . 3 Utility 2 | . . 2 Weapon 2 | . . 2 Highest Loss Streak 6 | . . 6 To Critical Strikes . | . . . Average Slot Usage (%) 91 | . 90 95 Engine 13 | . 13 13 Leg 9 | . 11 3 Wheel 18 | . 16 23 Device 5 | . 4 8 Storage 3 | . 5 . Protection 11 | . 9 17 Energy Gun 11 | . 14 . Energy Cannon 3 | . 4 . Ballistic Gun 13 | . 9 26 Naked Turns . | . . . Heaviest Build 52 | 6 52 15 Greatest Support 24 | 20 24 24 Greatest Overweight (x) 15 | . 15 1 Average Overweight (x) . | . . . Largest Inventory Capacity 25 | 5 25 5 Average Capacity 8 | 5 10 5 Most Carried 8 | 5 8 5 Average Carried 4 | 1 4 4 Final Capacity 5 | 5 5 5 Final Carried 5 | 5 5 4 Class Distribution -------------------- 100% | Mutant Dominant Class ---------------- Mutant | -10/Materials Mutant | -10/Mines Resources | -11 -10 -10 ----------- Run | Yrd Mat Min Matter Collected 898 | 268 236 394 Remotely . | . . . Salvage Created 505 | 32 258 215 Parts 34 | 2 23 9 Haulers Intercepted . | . . . Recyclers Shooed . | . . . Parts Field Recycled . | . . . Retrieved Matter . | . . . Parts Self-Destructed . | . . . Prevented . | . . . Kills | -11 -10 -10 ------- Run | Yrd Mat Min Combat Hostiles Destroyed 15 | 1 9 5 Guns 15 | 1 9 5 Classes Destroyed 6 | 1 2 3 Builder 1 | . . 1 Mechanic 1 | . . 1 Watcher 2 | . 2 . Swarmer 6 | . 6 . Grunt 7 | 1 3 3 Assembled 2 | . . 2 Best Kill Streak 4 | 1 4 3 Combat Bots Only 4 | 1 4 2 Max Kills in Single Turn 1 | 1 1 1 Gunslinging . | . . . Exploded . | . . . Melee . | . . . Uniques/NPCs Destroyed . | . . . Combat | -11 -10 -10 -------- Run | Yrd Mat Min Hostile Shots Fired 116 | 1 41 74 Missed 32 | 1 11 20 Damage Taken 1551 | . 316 1235 Core 253 | . 51 202 Absorbed by Shields . | . . . Redirected to Shielding 42 | . . 42 Core Remaining (%) 100 | 100 . . Volleys Fired 60 | 2 27 31 Largest 2 | 2 2 2 Hottest 105 | 40 105 63 Shots Fired 120 | 4 54 62 Gun 112 | 4 52 56 Cannon 2 | . 2 . Launcher 6 | . . 6 Special . | . . . Kinetic 95 | 4 35 56 Thermal 9 | . 9 . Explosive 6 | . . 6 Electromagnetic 10 | . 10 . Robot Hit Streak 6 | 2 5 6 Robot Miss Streak 7 | . 6 7 Penetration Max . | . . . Secondary Targets 4 | . 1 3 Max Gunslinging Chain 1 | . 1 1 Shots Hit Robots 56 | 2 27 27 Core Hits 36 | 2 15 19 Critical Kills . | . . . Critical Parts Destroyed . | . . . Critical Strikes . | . . . Melee Attacks . | . . . Impact . | . . . Slashing . | . . . Piercing . | . . . Sneak Attacks . | . . . Combat Hostiles . | . . . Follow-up Attacks . | . . . Damage Inflicted 888 | 18 316 554 Guns 770 | 18 299 453 Cannons 17 | . 17 . Explosions 97 | . . 97 Melee . | . . . Ramming 4 | . . 4 Kinetic 661 | 18 190 453 Thermal 48 | . 48 . Explosive 97 | . . 97 Electromagnetic 78 | . 78 . Impact . | . . . Slashing . | . . . Piercing . | . . . Highest Corruption . | . . . Average Corruption . | . . . Corruption Purged . | . . . Corruption Blocked . | . . . Overload Shots . | . . . Overflow Damage 1 | . . 1 Projectiles . | . . . Explosions 1 | . . 1 Melee . | . . . Knockbacks . | . . . Impact . | . . . Kinetic . | . . . Secondary . | . . . Self-Inflicted Damage 2 | . . 2 Shots 1 | . . 1 Rammed . | . . . Targets Rammed 1 | . . 1 Kicked 1 | . . 1 Crushed . | . . . Highest Temperature 198 | . 198 183 Average Temperature 72 | . 61 82 Received Heat Transfer 389 | . 99 290 Siege Activations . | . . . Robots Corrupted . | . . . Combat Hostiles . | . . . Parts Fried . | . . . Impact Corruptions . | . . . Robots Melted . | . . . Combat Hostiles . | . . . Parts Melted 1 | . 1 . Heat Transferred 111 | . 111 . Parts Sabotaged . | . . . Parts Stolen . | . . . Parts Stripped . | . . . Power Chain Reactions . | . . . Alert | -11 -10 -10 ------- Run | Yrd Mat Min Peak Influence 244 | 20 244 156 Initial 13 | . 13 . Average 71 | 4 69 113 Maximum Alert Level 1 | . 1 . Low Security (%) 98 | 100 97 100 Level 1 1 | . 2 . Level 2 . | . . . Level 3 . | . . . Level 4 . | . . . Level 5 . | . . . High Security . | . . . Max Security . | . . . Squads Dispatched 2 | . 1 1 Investigation . | . . . Extermination . | . . . Reinforcement 1 | . 1 . Assault 1 | . . 1 Garrison . | . . . Intercept . | . . . Searches Triggered . | . . . Construction Impeded . | . . . Haulers Reinforced . | . . . Active Scanning Responses . | . . . Cargo Convoy Interrupts . | . . . Stealth | -11 -10 -10 --------- Run | Yrd Mat Min Distress Signals 1 | . 1 . Communications Jammed . | . . . Distress Signals . | . . . Times Spotted 42 | 1 19 22 Peak Tracking Total 15 | 1 4 15 Tactical Retreats 2 | . 1 1 Traps | -11 -10 -10 ------- Run | Yrd Mat Min Traps Triggered . | . . . Indirectly . | . . . Trap Hack Attempts . | . . . Triggered . | . . . Disarmed . | . . . Reprogrammed . | . . . Reused . | . . . Traps Extracted . | . . . Installed . | . . . Triggered . | . . . Machines | -11 -10 -10 ---------- Run | Yrd Mat Min Machines Disabled . | . . . Max in Single Turn . | . . . Machines Repaired . | . . . Machines Dismantled . | . . . Machines Sabotaged . | . . . Overloaded Fab Kills . | . . . Hacking | -11 -10 -10 --------- Run | Yrd Mat Min Machines Accessed 4 | . 3 1 Terminals 2 | . 2 . Fabricators . | . . . Repair Stations . | . . . Recycling Units 1 | . 1 . Scanalyzers . | . . . Garrison Access . | . . . Total Hacks 4 | . 3 1 Successful 4 | . 3 1 Failed . | . . . Catastrophic . | . . . Database Lockouts . | . . . Manual . | . . . Terminals 2 | . 2 . Fabricators . | . . . Repair Stations . | . . . Recycling Units 1 | . 1 . Scanalyzers . | . . . Garrison Access . | . . . Terminal Hacks 3 | . 2 1 Record 1 | . 1 . Open Door 1 | . . 1 Alert Level 1 | . 1 . Fabricator Hacks . | . . . Repair Station Hacks . | . . . Recycling Unit Hacks 1 | . 1 . Report Inventory 1 | . 1 . Scanalyzer . | . . . Garrison Access Hacks . | . . . Unauthorized Hacks . | . . . Terminals . | . . . Fabricators . | . . . Repair Stations . | . . . Recycling Units . | . . . Scanalyzers . | . . . Garrison Access . | . . . Data Cores Recovered . | . . . Used . | . . . Hacking Detections . | . . . Full Trace Events . | . . . Feedback Events . | . . . Feedback Blocked . | . . . Robot Schematics Acquired . | . . . Robots Built . | . . . Authchips . | . . . Time . | . . . Total Robot Build Rating . | . . . Part Schematics Acquired . | . . . Parts Built . | . . . Authchips . | . . . Time . | . . . Total Part Build Rating . | . . . Parts Repaired . | . . . Time . | . . . Parts Recycled . | . . . Recycled Matter . | . . . Retrieved Matter . | . . . Retrieved Components . | . . . Parts Scanalyzed . | . . . Part Schematics Acquired . | . . . Parts Damaged . | . . . Bothacking | -11 -10 -10 ------------ Run | Yrd Mat Min Used RIF Installer . | . . . Robots Hacked . | . . . Non-combat . | . . . Combat . | . . . Robot Hacks Applied . | . . . Relay Couplers Released . | . . . Fabnet Peak Effective % . | . . . Robots Rewired . | . . . Allies Hacked . | . . . Hacks Repelled . | . . . Allies | -11 -10 -10 -------- Run | Yrd Mat Min Total Allies 1 | . . 1 Largest Group 1 | . . 1 Highest-Rated Group 31 | . . 31 Highest-Rated Ally 31 | . . 31 Total Orders . | . . . Ally Attacks 9 | . . 9 Total Damage 146 | . . 146 Kills 4 | . . 4 Allies Corrupted . | . . . Allies Melted . | . . . Intel | -11 -10 -10 ------- Run | Yrd Mat Min Robot Analysis Total . | . . . Derelict Logs Recovered 1 | . . 1 Drone Launches . | . . . Drone Recoveries . | . . . Exploration | -11 -10 -10 ------------- Run | Yrd Mat Min Turns Passed 1999 | 255 1294 450 Spaces Moved 1704 | 264 1051 389 Core 127 | 120 1 6 Treads . | . . . Legs 426 | 132 270 24 Wheels 1151 | 12 780 359 Hover . | . . . Flight . | . . . Fastest Speed 50 | 50 80 50 Average Speed 99 | 86 107 88 Slowest Speed 800 | 120 800 120 Overloaded Moves . | . . . Propulsion Burnouts . | . . . Robots Hopped . | . . . Cave-ins Triggered . | . . . Exploration Rate (%) 52 | 8 96 54 Regions Visited 2 Branch Regions 1 Pre-discovered Areas 1 | . . 1 Known Exits Taken . | . . . Unknown Exits Taken 2 | 1 1 . Scrap Searched . | . . . Spaces Dug . | . . . Terrain Destroyed 26 | . . 26 Melee . | . . . Projectile . | . . . AOE 26 | . . 26 Terrain Rammed . | . . . Walls Destroyed . | . . . Machines Disabled . | . . . Actions | -11 -10 -10 --------- Run | Yrd Mat Min Total 1916 | 285 1184 447 Wait 16 | 9 5 2 Move 1702 | 263 1050 389 Hop . | . . . Pick Up 31 | 4 22 5 Fast Attach 23 | 6 16 1 Attach 21 | . 13 8 Detach 20 | 1 14 5 Swap 1 | . 1 . Drop 41 | . 36 5 Fire 60 | 2 27 31 Melee . | . . . Ram . | . . . Kick 1 | . . 1 Crush . | . . . Escape Stasis . | . . . Rewire . | . . . Trap . | . . . Miscellaneous . | . . . Route ------- -11/Scrapyard -10/Materials (discovered 4 exits: [*Mat x3] / *Min) -10/Mines (discovered 2 exits: [*Mat x2]) History --------- Turn | Location | Event 2 | -11/Scrapyard | Met Revision 17 196 | -11/Scrapyard | Discovered new exit (range 8) 256 | -11/Scrapyard | Entered Materials 314 | -10/Materials | Build established: Mutant 791 | -10/Materials | Discovered new exit (range 15) 1118 | -10/Materials | Discovered new exit (range 15) 1198 | -10/Materials | Discovered new exit (range 14) 1326 | -10/Materials | Discovered new exit (range 12) 1550 | -10/Materials | Entered Mines 1555 | -10/Mines | Discovered new exit (range 9) 1556 | -10/Mines | Met a Derelict testing a Signal Generator 1760 | -10/Mines | Learned location of Mines (-9) 1822 | -10/Mines | Discovered new exit (range 6) 1834 | -10/Mines | Found the Drone Emporium 1842 | -10/Mines | Found Prototype Device 1904 | -10/Mines | Assembled infested the area 1938 | -10/Mines | Received a Rocket Launcher from a helpful Derelict 1990 | -10/Mines | Core integrity fell below 50% 1999 | -10/Mines | Core integrity fell below 20% 2000 | -10/Mines | Destroyed by D-53 Grenadier with Mini Grenade Launcher Last Messages --------------- Acquired 18 matter. K-01 Serf collects debris. Acquired Rocket Launcher. Acquired 7 matter. K-01 Serf collects debris. Acquired 36 matter. K-01 Serf collects debris. The unstable cave ceiling collapses. Heat Sink destroyed. Aluminum Leg destroyed. Destroyed Aluminum Leg. Rocket Launcher destroyed. Grenade Launcher destroyed. Aluminum Leg destroyed. The unstable cave ceiling collapses. Ion Engine destroyed. The unstable cave ceiling collapses. K-01 Serf collects debris. The unstable cave ceiling collapses. [Achievement: First Step to Greatness] Map ----- +----------------------------------------------------+ | ?????????????????????????????????????????????????? | | ?????????????????????????????????????????????????? | | ?????????????????????????????????????????????????? | | ?????????????????????????????????????????????????? | | ?????????????????????????????????????????????????? | | ?????????????????????????????????????????????????? | | ?????????????????????????????????????????????????? | | ?????????????????????????????????????????????????? | | ???????????????????#?????????????????????????????? | | ?????###??????????? ??????????????###????????????? | | ????? ??????????? ????????????## ##???????????? | | ?????# #??????????? ????????????# #???????????? | | ?????# #??????????# #???????????# ##??????????? | | ?????# #??????????# #????????#### ##?????????? | | ?????# ############ #??????## #?????????? | | ?????# # ## #??????# #?????????? | | ?????# # ## #????### #### #???? | | ?????# # """ """ ## #???# ! #????? | | ?????# """ """ ## #??????? =##??????????? | | ?????# # """ """ ## ###????? # ###????????? | | ?????# # """ """ ### #?# dd #????????? | | ?????# # #### ## #?????????? | | ?????# ###########??# #### # #??????????? | | ?##### #????????????# ### #?????????????? | | ?# #????????##### r # ##????????????? | | ?# #####???????## @ # ##???????????? | | ?# #??????????## # #???????????? | | ?# #?####?????# #???????????? | | ?# #?# #?????# ##??????????? | | ?# ### #?????# # # # ####???????? | | ?# ## ##????#### #### ## # # ##??????? | | ?# ##??????# #### ### # #??????? | | ?##### ##?????# ## ## # # #??????? | | ?????### ###???# #### ### ##= #??????? | | ???????## ##??### #??# #?#### k #??????? | | ????????# ###### #??# #????##### ##??????? | | ????????# #### ########### ##???????? | | ????????## ####### ## ####????????? | | ?????????#####???### ############ ###########?? | | ????????????????## #??????????# #?? | | ????????????????# ##??????????########### #?? | | ????????????????# ##?????????????????????# #?? | | ???????????????## ##??????????????????????# #?? | | ???????????????# #???????????????????????# ##? | | ???????????????# ##?????????????????????## ## | | ???????????????## ##????????????????????# < # | | ??????????????##### % %##???????????????????# # | | ?????????????? #?## %! #???????????????????# # | | ??????????????# #?##% [#??????????????####### | | #############?# #?# !##????????????##""## | +----------------------------------------------------+ Best States ------------- Heat Dissipation 35 Energy Generation 10 Energy Capacity 250 Matter Stores 300 Matter Capacity 300 Sight Range 16 Terrain Scan Density 10 ECM Strength 2 Armor Coverage 150 Core Shielding 20 Evasion (%) 55 Item Schematics ----------------- None Robot Schematics ------------------ None Fabricated ------------ Nothing Alien Tech Used ----------------- None Achievements -------------- First Step to Greatness Storm Trooper Uninvited Guest Challenges ------------ None Game ------ Seed PiercingClaymoresClaws Manual? 0 Play Time 01:14:51 Cumulative 1.2 hours Start 2024.04.14 @ 16:35:03 End 2024.04.14 @ 17:58:33 Sessions 1 Manual Loads 0 Difficulty Rogue Special Mode None Game No. 1 Rogue 1 Adventurer 0 Explorer 0 Win Type - Total 0 Types 0/0/0/0/0/0/0/0/0 Lore% 0 Gallery% 1 Achievement% 1 Wizard Run 0 Options --------- Layout 1 ASCII 0 Keyboard 1 Movement Numpad Keybinds 0 Fullscreen 1 Font 32/Terminus Map View 50x35 Zoom Use 0% Tactical HUD 0 Map Filters NONE Filters NONE Steam 1 RUN: c0056518-0dda-4325-a753-951feaeceecd